Map: Wolfe Industries Compound

Players

Meister

  • Race: Terran Terran
  • League: Master
  • Spawn Location: 3:00

Kyoto - Winner!

  • Race: Protoss Protoss
  • League: Grandmaster
  • Spawn Location: 7:00

KingKong

  • Race: Zerg Zerg
  • Spawn Location: 12:00

CrucialNug - Winner!

  • Race: Protoss Protoss
  • League: Master
  • Spawn Location: 7:00

VOD

Have the link to the VOD?

Description

Time

  • Played on: April 2, 2017, 1:01 a.m.
  • Length: 11:33
Show
View Real Time Build Order
Export as new Build Order

Meister Terran 

Build Orders: Reaper Expand, MMM Bio 

Get SALT Encoding   

  12  0:01  SCV  
  13  0:13  SCV  
  14  0:18  Supply Depot  
  14  0:25  SCV  
  14  0:28  Refinery  
  15  0:39  SCV  
  16  0:45  Barracks  
  16  0:51  SCV  
  17  1:05  SCV  
  18  1:17  SCV  
  19  1:33  Reaper, Orbital Command  
  20  1:59  Barracks  
  20  2:00  Command Center  
  20  2:03  SCV  
  21  2:11  Supply Depot  
  21  2:18  SCV  
  22  2:23  Barracks Reactor  
  22  2:25  Factory  
  22  2:33  SCV  
  22  2:34  Refinery  
  23  2:46  SCV, Barracks Tech Lab  
  24  3:00  Marine  
  24  3:01  Marine  
  24  3:05  Marine, Stimpack  
  27  3:06  SCV  
  29  3:14  Orbital Command  
  29  3:18  Marine x2  
  30  3:22  Marine  
  30  3:25  Starport  
  30  3:36  Marine x2, SCV  
  30  3:38  Factory Reactor  
  30  3:40  Marine  
  34  3:41  SCV  
  34  3:48  SCV  
  36  3:53  SCV  
  36  3:54  Marine x2  
  38  3:58  Marine  
  38  4:00  SCV  
  39  4:06  SCV  
  40  4:11  Supply Depot  
  40  4:12  Marine, SCV  
  42  4:18  SCV  
  42  4:19  Marine x2  
  45  4:24  SCV  
  45  4:30  Supply Depot  
  46  4:33  Marine, SCV, Medivac x2  
  46  4:36  SCV  
  46  4:37  Marine  
  54  4:49  Supply Depot  
  54  4:51  Marine x2  
  54  4:52  SCV  
  57  4:53  SCV  
  57  4:55  Marine  
  57  4:57  Factory Reactor  
  59  5:00  Supply Depot  
  59  5:03  Engineering Bay  
  59  5:04  SCV  
  59  5:05  SCV  
  61  5:10  Marine x2  
  61  5:13  Marine  
  61  5:14  Supply Depot  
  64  5:17  SCV  
  61  5:21  SCV  
  61  5:22  Combat Shields  
  61  5:23  Medivac  
  61  5:27  Marine  
  61  5:28  Marine  
  61  5:29  SCV  
  61  5:33  Marine, SCV  
  63  5:45  Marine  
  63  5:46  Marine  
  65  5:51  Marine  
  66  5:57  Widow Mine x2  
  66  5:58  SCV  
  66  6:03  Marine, Medivac  
  66  6:04  Marine, SCV  
  74  6:07  Supply Depot  
  74  6:09  Marine  
  73  6:18  SCV  
  71  6:19  SCV  
  71  6:21  Marine x2, Missile Turret  
  71  6:24  Missile Turret  
  72  6:26  Marine  
  72  6:30  SCV  
  71  6:39  Marine x2  
  69  6:44  Marine  
  67  6:56  Marine  
  67  6:57  Marine, Barracks  
  67  7:00  Barracks x2, SCV  
  68  7:02  Marine  
  68  7:06  Widow Mine  
  68  7:08  SCV  
  72  7:12  SCV  
  72  7:14  Marine  
  72  7:15  Marine  
  74  7:20  Marine  
  74  7:31  SCV  
  74  7:32  Marine  
  74  7:33  Marine, Widow Mine  
  74  7:34  Medivac  
  79  7:38  Marine  
  79  7:41  Command Center  
  79  7:43  Terran Infantry Weapons Level 1  
  78  7:44  Refinery x2  
  78  7:45  Supply Depot  
  78  7:46  Supply Depot  
  78  7:50  Marine, Barracks Reactor, Barracks Tech Lab  
  78  7:51  Marine, Barracks Tech Lab  
  78  7:53  SCV  
  78  7:55  Marine  
  74  8:03  SCV  
  70  8:08  Marine, Widow Mine x2  
  70  8:09  Concussive Shells  
  70  8:10  Marine, Marauder x2  
  70  8:12  Medivac x2  
  84  8:19  Engineering Bay  
  84  8:21  Supply Depot  
  84  8:28  Marine x4, Marauder  
  84  8:31  Marauder  
  92  8:37  Marine  
  93  8:45  Missile Turret  
  93  8:46  Marine x3  
  93  8:48  Marine  
  97  8:49  Marauder  
  95  8:56  Marine  
  95  8:57  Marauder  
  95  8:58  Missile Turret  
  98  9:03  Marine, Widow Mine x2  
  98  9:08  Orbital Command  
  103  9:10  Marine  
  103  9:16  Marine  
  109  9:22  Marine  
  108  9:27  Medivac x2  
  108  9:28  Marine x2, Marauder x2  
  115  9:35  Widow Mine x2  
  119  9:42  Marine  
  119  9:43  Marine  
  119  9:45  Marine  
  122  9:46  Marauder  
  122  9:52  Marine  
  124  9:53  Marauder  
  124  9:59  Marine  
  120  10:01  Marine  
  120  10:03  SCV  
  120  10:05  Marine  
  118  10:07  Marine, Widow Mine x2  
  118  10:08  Marine  
  118  10:10  Marine  
  118  10:11  SCV  
  125  10:14  Marauder  
  125  10:17  Marine  
  125  10:19  Marine  
  122  10:23  SCV x2  
  122  10:26  Supply Depot  
  122  10:27  Marine, Armory  
  122  10:28  Marauder  
  127  10:29  Marine  
  130  10:35  Marauder  
  130  10:36  Marauder  
  130  10:40  Marine  
  124  10:49  Marauder, Marine  
  98  10:51  Marine  
  98  10:52  Marine  
  68  10:57  Marauder x2  
  68  10:58  Marine  
  55  11:07  Marine  
  55  11:09  Marine  
  55  11:10  Marauder  
  67  11:12  Marine  
Show
View Real Time Build Order
Export as new Build Order

Kyoto Protoss - Winner!

Build Orders:  

Get SALT Encoding   

  12  0:01  Probe (Chrono Boost)  
  13  0:12  Probe (Chrono Boost)  
  14  0:18  Pylon  
  14  0:23  Probe (Chrono Boost)  
  15  0:36  Probe (Chrono Boost)  
  16  0:47  Probe (Chrono Boost)  
  16  0:48  Forge  
  17  0:57  Probe (Chrono Boost)  
  18  1:08  Probe (Chrono Boost)  
  20  1:18  Probe (Chrono Boost)  
  20  1:20  Pylon  
  20  1:32  Probe (Chrono Boost)  
  21  1:36  Pylon  
  21  1:41  Photon Cannon  
  21  1:44  Gateway  
  21  1:46  Pylon  
  21  1:52  Photon Cannon  
  21  2:04  Nexus  
  21  2:07  Gateway  
  21  2:08  Assimilator  
  21  2:13  Probe (Chrono Boost)  
  21  2:14  Assimilator  
  21  2:23  Probe (Chrono Boost)  
  22  2:34  Probe (Chrono Boost)  
  23  2:41  Pylon  
  23  2:45  Probe (Chrono Boost)  
  24  2:53  Assimilator  
  24  2:54  Cybernetics Core  
  24  2:55  Probe (Chrono Boost)  
  24  2:56  Assimilator  
  25  3:03  Pylon  
  25  3:07  Probe (Chrono Boost)  
  26  3:17  Probe (Chrono Boost)  
  26  3:19  Probe (Chrono Boost)  
  27  3:28  Probe (Chrono Boost)  
  27  3:34  Stargate  
  26  3:47  Stargate  
  26  3:49  Probe x2 (Chrono Boost)  
  28  4:00  Probe (Chrono Boost)  
  28  4:02  Probe (Chrono Boost)  
  30  4:06  Stargate  
  30  4:11  Probe (Chrono Boost)  
  30  4:13  Probe (Chrono Boost)  
  30  4:15  Oracle  
  36  4:25  Probe (Chrono Boost)  
  36  4:27  Phoenix  
  38  4:34  Probe (Chrono Boost)  
  39  4:42  Probe (Chrono Boost)  
  39  4:48  Probe (Chrono Boost)  
  39  4:51  Phoenix  
  39  4:52  Phoenix  
  42  4:54  Probe (Chrono Boost)  
  42  4:59  Phoenix  
  44  5:06  Probe (Chrono Boost)  
  47  5:14  Phoenix  
  47  5:16  Phoenix  
  50  5:28  Mothership Core (Chrono Boost)  
  49  6:00  Pylon  
  49  6:02  Pylon  
  47  6:10  Pylon  
  47  6:12  Pylon  
  47  6:16  Pylon  
  47  6:28  Probe (Chrono Boost)  
  47  6:30  Probe (Chrono Boost)  
  47  6:31  Phoenix  
  49  6:39  Probe (Chrono Boost)  
  52  6:42  Probe (Chrono Boost)  
  52  6:43  Pylon  
  53  6:52  Probe (Chrono Boost)  
  53  6:53  Phoenix  
  52  6:58  Probe (Chrono Boost)  
  52  7:00  Pylon  
  55  7:09  Phoenix  
  55  7:14  Phoenix  
  57  7:39  Stargate  
  57  7:40  Stargate  
  55  8:03  Phoenix  
  57  8:15  Nexus  
  57  8:16  Pylon, Nexus  
  57  8:23  Probe (Chrono Boost), Pylon  
  57  8:24  Phoenix  
  60  8:27  Protoss Air Weapons Level 1  
  60  8:28  Phoenix  
  63  8:35  Phoenix  
  63  8:36  Probe (Chrono Boost)  
  65  8:42  Pylon  
  65  8:49  Assimilator  
  64  9:01  Probe (Chrono Boost)  
  65  9:02  Phoenix  
  65  9:03  Phoenix  
  65  9:04  Phoenix  
  71  9:13  Probe (Chrono Boost)  
  72  9:18  Assimilator x2  
  73  9:25  Probe (Chrono Boost)  
  73  9:28  Probe (Chrono Boost)  
  73  9:31  Phoenix  
  76  9:37  Probe (Chrono Boost)  
  77  9:39  Probe (Chrono Boost)  
  76  9:49  Probe (Chrono Boost)  
  75  9:53  Phoenix x2  
  75  9:54  Probe (Chrono Boost)  
  81  10:01  Probe (Chrono Boost)  
  81  10:05  Probe (Chrono Boost)  
  82  10:19  Phoenix x2  
  84  10:22  Phoenix  
  84  10:23  Probe (Chrono Boost)  
  84  10:25  Probe (Chrono Boost)  
  88  10:44  Phoenix x2  
  78  10:51  Phoenix  
  78  10:56  Probe (Chrono Boost)  
  82  10:58  Probe (Chrono Boost)  
  80  11:07  Probe (Chrono Boost)  
Show
View Real Time Build Order
Export as new Build Order

KingKong Zerg 

Build Orders: Hatch First, Roach Nydus 

Get SALT Encoding   

  12  0:00  Drone  
  13  0:13  Overlord  
  13  0:17  Drone  
  14  0:31  Drone x2  
  14  0:35  Drone  
  17  0:53  Hatchery  
  17  0:56  Drone  
  17  1:00  Drone  
  18  1:10  Extractor  
  17  1:14  Spawning Pool  
  17  1:18  Drone  
  17  1:21  Drone  
  18  1:29  Drone  
  19  1:51  Drone x2  
  22  2:01  Hatchery  
  22  2:05  Overlord  
  21  2:11  Extractor, Queen  
  22  2:24  Drone  
  22  2:25  Drone  
  24  2:47  Lair  
  24  3:01  Roach Warren  
  24  3:03  Drone  
  24  3:11  Overlord  
  24  3:13  Queen  
  26  3:40  Drone  
  27  3:45  Nydus Network, Queen  
  27  3:46  Roach x5  
  27  3:47  Roach  
  40  3:54  Roach  
  42  4:01  Overlord  
  42  4:08  Overlord  
  42  4:17  Queen  
  44  4:34  Roach  
  44  4:35  Roach x2  
  50  4:42  Roach  
  52  4:46  Queen  
  52  4:52  Drone  
  55  5:05  Nydus Canal  
  55  5:09  Roach x2  
  59  5:19  Overlord  
  59  5:28  Overlord  
  59  5:35  Overlord  
  57  5:43  Roach x3  
  61  5:50  Roach  
  61  5:54  Roach  
  65  5:59  Overseer  
  65  6:03  Roach  
  67  6:06  Roach  
  67  6:19  Roach x2  
  71  6:28  Roach x2  
  73  6:41  Roach  
  73  6:44  Roach  
  75  6:51  Roach x2  
  75  6:54  Roach  
  77  7:00  Roach  
  73  7:03  Roach  
  71  7:24  Hatchery  
  66  7:33  Roach  
  66  7:34  Roach  
  70  7:51  Drone x5  
  73  7:57  Nydus Canal  
  73  8:01  Drone  
  74  8:11  Nydus Canal  
  74  8:14  Drone  
  74  8:19  Drone  
  76  8:25  Overlord  
  68  8:34  Hydralisk Den  
  68  8:37  Overseer  
  68  8:40  Drone  
  68  8:46  Drone x2, Queen  
  68  8:48  Spore Crawler  
  71  8:50  Spore Crawler  
  70  8:59  Nydus Canal  
  70  9:01  Roach  
  70  9:02  Roach  
  72  9:09  Drone  
  73  9:19  Extractor x2  
  71  9:27  Spore Crawler x2  
  69  9:38  Spore Crawler, Overlord x3  
  62  9:51  Overlord x2  
  57  9:58  Overlord  
  57  9:59  Overlord  
  57  10:09  Overlord x2  
  57  10:10  Overlord  
  57  10:17  Drone x3  
  60  10:34  Hydralisk  
  60  10:35  Hydralisk  
  64  10:43  Hydralisk  
  66  10:55  Hydralisk  
  56  11:01  Hydralisk  
Show
View Real Time Build Order
Export as new Build Order

CrucialNug Protoss - Winner!

Build Orders: 1 Gate Expand, Blink Stalkers 

Get SALT Encoding   

  12  0:01  Probe (Chrono Boost)  
  13  0:11  Probe (Chrono Boost)  
  14  0:17  Pylon  
  14  0:22  Probe (Chrono Boost)  
  16  0:35  Probe (Chrono Boost)  
  16  0:37  Gateway  
  16  0:46  Probe (Chrono Boost)  
  17  0:54  Assimilator  
  17  0:56  Probe (Chrono Boost)  
  18  1:07  Probe (Chrono Boost)  
  19  1:19  Nexus  
  19  1:22  Probe (Chrono Boost)  
  20  1:30  Cybernetics Core  
  20  1:34  Probe (Chrono Boost)  
  20  1:39  Assimilator  
  21  1:49  Probe (Chrono Boost)  
  21  1:52  Pylon  
  23  2:01  Probe (Chrono Boost)  
  23  2:06  Adept  
  23  2:15  Mothership Core (Chrono Boost)  
  27  2:16  Warp Gate  
  27  2:30  Adept  
  27  2:31  Probe (Chrono Boost)  
  31  2:44  Twilight Council  
  31  2:45  Probe (Chrono Boost)  
  31  2:49  Probe (Chrono Boost)  
  32  2:55  Probe (Chrono Boost)  
  33  3:00  Probe (Chrono Boost)  
  33  3:02  Stalker  
  36  3:06  Probe (Chrono Boost)  
  36  3:08  Blink  
  36  3:10  Probe (Chrono Boost)  
  38  3:13  Pylon  
  38  3:17  Probe (Chrono Boost)  
  39  3:21  Probe (Chrono Boost)  
  40  3:30  Probe (Chrono Boost)  
  40  3:34  Probe (Chrono Boost)  
  43  3:41  Assimilator  
  43  3:42  Probe (Chrono Boost)  
  43  3:44  Probe (Chrono Boost)  
  43  3:45  Pylon  
  44  3:54  Probe (Chrono Boost)  
  43  4:05  Robotics Facility  
  43  4:06  Gateway  
  43  4:07  Pylon  
  43  4:08  Gateway  
  43  4:09  Probe x2 (Chrono Boost)  
  45  4:24  Sentry  
  47  4:26  Probe (Chrono Boost), Nexus  
  47  4:27  Probe (Chrono Boost)  
  49  4:36  Dark Shrine  
  49  4:44  Probe (Chrono Boost)  
  49  4:45  Probe (Chrono Boost)  
  51  4:50  Observer  
  51  4:51  Stalker  
  54  4:55  Probe (Chrono Boost)  
  54  4:56  Resonating Glaives  
  54  4:58  Gateway x2  
  55  5:00  Gateway  
  55  5:02  Pylon  
  55  5:08  Observer  
  56  5:16  Assimilator  
  56  5:20  Stalker x2  
  60  5:24  Stalker  
  60  5:25  Pylon  
  62  5:29  Immortal  
  62  5:33  Pylon  
  64  5:48  Dark Templar  
  64  5:50  Stalker  
  64  5:55  Probe (Chrono Boost)  
  64  5:56  Probe (Chrono Boost), Stalker  
  64  5:57  Probe (Chrono Boost)  
  71  6:00  Pylon  
  71  6:05  Immortal  
  71  6:08  Probe (Chrono Boost)  
  74  6:19  Stalker x2  
  74  6:20  Stalker  
  80  6:26  Zealot x3  
  80  6:30  Probe (Chrono Boost)  
  80  6:31  Probe x2 (Chrono Boost)  
  83  6:42  Dark Templar  
  83  6:44  Stalker x2  
  89  6:47  Immortal  
  92  6:55  Probe (Chrono Boost), Assimilator  
  92  6:56  Probe x2 (Chrono Boost)  
  88  7:04  Stalker x2  
  88  7:06  Stalker  
  95  7:09  Probe (Chrono Boost)  
  95  7:11  Probe (Chrono Boost)  
  96  7:16  Adept x2  
  96  7:17  Adept  
  96  7:19  Probe (Chrono Boost)  
  103  7:23  Immortal  
  103  7:25  Probe (Chrono Boost)  
  108  7:34  Forge  
  107  7:37  Stalker x2  
  107  7:39  Assimilator  
  107  7:41  Probe (Chrono Boost)  
  107  7:42  Probe (Chrono Boost)  
  107  7:43  Probe (Chrono Boost)  
  114  7:53  Probe (Chrono Boost)  
  114  7:56  Adept  
  117  7:59  Protoss Ground Weapons Level 1  
  117  8:02  Pylon  
  117  8:05  Pylon  
  117  8:09  Pylon  
  117  8:13  Robotics Bay  
  117  8:15  Immortal  
  117  8:21  Pylon  
  117  8:25  Pylon  
  121  8:33  Sentry x2  
  121  8:34  Stalker x2  
  129  8:39  Adept x2  
  133  8:45  Pylon  
  133  8:46  Pylon  
  133  8:47  Nexus  
  133  8:48  Pylon  
  133  8:50  Pylon  
  133  9:03  Disruptor  
  136  9:11  Pylon, Photon Cannon  
  136  9:14  Dark Templar  
  138  9:17  Photon Cannon  
  138  9:21  Dark Templar  
  140  9:25  Assimilator  
  140  9:28  Assimilator  
  140  9:29  Probe (Chrono Boost)  
  140  9:30  Probe (Chrono Boost)  
  142  9:33  Colossus  
  142  9:34  Disruptor  
  142  9:36  Stalker x4  
  150  9:39  Pylon  
  150  9:40  Archon  
  153  9:51  Probe (Chrono Boost)  
  153  9:52  Probe x2 (Chrono Boost)  
  156  9:54  Gateway  
  156  9:55  Gateway  
  156  10:05  Warp Prism  
  156  10:08  Probe (Chrono Boost)  
  159  10:14  Stalker  
  159  10:15  Stalker x4  
  159  10:16  Sentry  
  159  10:19  Probe (Chrono Boost)  
  174  10:22  Probe x2 (Chrono Boost)  
  174  10:32  Probe (Chrono Boost)  
  175  10:40  Disruptor  
  159  10:48  Probe (Chrono Boost)  
  148  10:53  Stalker x4  
  148  10:54  Stalker x2  
  146  10:58  Probe (Chrono Boost)  
  144  11:09  Templar Archives  
  144  11:12  Photon Cannon  
  141  11:21  Stalker x4  
  141  11:22  Stalker x3  
  141  11:23  Stalker  
Tags
 
Add a new tag
Caveats
  • Supply blocks, unpowered buildings, or Contaminate may cause inaccurate times.
  • Supply counts are checked every 10 seconds.